 Dungeon Crawl Stone Soup version 0.17-a0-555-g23c20b2 (webtiles) character file.

70 Nik3 the Magician (level 4, 0/21 HPs)
             Began as a Spriggan Conjurer on Apr 14, 2015.
             Slain by a jackal (2 damage)
             ... on level 2 of the Dungeon.
             The game lasted 00:03:05 (1753 turns).

Nik3 the Magician (Spriggan Conjurer)               Turns: 1753, Time: 00:03:05

Health: 0/21       AC:  2    Str:  4    XL:     4   Next: 4%
Magic:  8/11       EV: 19    Int: 17    God:
Gold:   38         SH:  0    Dex: 16    Spells: 1 memorised, 10 levels left

rFire  . . .     SeeInvis +     e - +0 dagger
rCold  . . .     Clarity  .     a - +0 robe
rNeg   . . .     SustAb   .     (shield restricted)
rPois  .         Gourm    .     (helmet restricted)
rElec  .         Spirit   .     (no cloak)
rCorr  .         Warding  .     (gloves unavailable)
rMut   .         Stasis   .     (boots unavailable)
MR     .....                    (no amulet)
Stlth  +++.......               (no ring)
                                (no ring)

@: very quick, not resistant to hostile enchantments, fairly stealthy
A: unfitting armour, see invisible, herbivore 3, speed 3, slow metabolism 2
a: no special abilities


You were on level 2 of the Dungeon.
You were not hungry.

You visited 1 branch of the dungeon, and saw 2 of its levels.

You collected 38 gold pieces.

Inventory:

Hand weapons
 e - a +0 dagger (weapon)
Armour
 a - a +0 robe (worn)
Jewellery
 d - an uncursed amulet of clarity {unknown}
Scrolls
 f - a scroll of immolation {unknown}
 h - 2 scrolls of teleportation {unknown}
 i - a scroll of enchant armour {unknown}
 k - a scroll of magic mapping {unknown}
 l - a scroll of recharging {unknown}
 m - a scroll of remove curse {unknown}
 n - a scroll of enchant weapon {unknown}
 p - a scroll of fear {unknown}
Potions
 g - a potion of curing
 j - 2 potions of cure mutation {unknown}
 o - a potion of cancellation {unknown}
Books
 c - a book of Conjurations

   Spells                             Type                      Level
   a - Magic Dart                     Conjuration                  1
   b - Searing Ray                    Conjuration                  2
   c - Dazzling Spray                 Conjuration/Hexes            3
   d - Fulminant Prism                Conjuration/Hexes            4
   e - Iskenderun's Mystic Blast      Conjuration                  4
   f - Iskenderun's Battlesphere      Conjuration/Charms           5
Comestibles
 b - 3 bread rations


   Skills:
 + Level 4.0 Dodging
 + Level 3.8 Stealth
 * Level 4.1 Spellcasting
 + Level 3.1 Conjurations


You had 10 spell levels left.
You knew the following spells:

 Your Spells              Type           Power        Failure   Level  Hunger
a - Magic Dart            Conj           ##..         4%          1    None


Dungeon Overview and Level Annotations

Branches:
Dungeon (2/15)

Altars:
Dithmenos
Ru


Innate Abilities, Weirdness & Mutations

You are tiny and cannot use many weapons and most armour.
You have supernaturally acute eyesight.
You are a herbivore.
You cover ground extremely quickly.
You need consume almost no food.


Message History

Casting: Magic Dart
Confirm with . or Enter, or press ? or * to list all spells.
Aiming: Magic Dart
Press: ? - help, Shift-Dir - straight line, f - jackal
Aim: a jackal The magic dart hits the jackal.
The jackal is almost dead.
The jackal bites you.
* * * LOW HITPOINT WARNING * * *
The jackal bites you.
* * * LOW HITPOINT WARNING * * *
Casting: Magic Dart
Confirm with . or Enter, or press ? or * to list all spells.
Aiming: Magic Dart
Press: ? - help, Shift-Dir - straight line, f/p - jackal
Aim: a jackal (almost dead)
The magic dart hits the jackal.
You kill the jackal!
The jackal barely misses you. The jackal bites you.
You die...

###########.#.....)...#
#..... #......#
.###.####### #.(...
.......# .. #.# #.....
#####+.# #. #.# #.....
.# ..# #.# ######
.#.b.# #.# # .....# ##
#.#####..... ._.###
#...#§#h........ .....#
#§§@#.h...... .#...#
#§#§#h#...... .#...#
§§§§§§§...... #####+
#.#§#§#...... ##§§§
##### #§


You could see 2 jackals.

Vanquished Creatures
  A gnoll (D:1)
  4 adders
  2 oozes (D:1)
  A giant cockroach (D:2)
  6 jackals (D:2)
  A quokka (D:2)
  A ball python (D:2)
  3 bats
  A goblin (D:1)
  2 kobolds
  4 rats
26 creatures vanquished.

Notes
Turn   | Place    | Note
--------------------------------------------------------------
     0 | D:1      | Nik3, the Spriggan Conjurer, began the quest for the Orb.
     0 | D:1      | Reached XP level 1. HP: 9/9 MP: 5/5
   201 | D:1      | Reached XP level 2. HP: 13/13 MP: 0/7
  1250 | D:2      | Reached XP level 3. HP: 14/16 MP: 5/9
  1468 | D:2      | Found a sacrificial altar of Ru.
  1508 | D:2      | Reached skill level 4 in Dodging
  1566 | D:2      | Reached XP level 4. HP: 14/21 MP: 1/11
  1724 | D:2      | Found a shadowy altar of Dithmenos.
  1753 | D:2      | Slain by a jackal

Action                   |  1- 3 |  4- 6 || total
-------------------------+-------+-------++-------
Melee: Dagger            |    55 |    19 ||    74
 Cast: Magic Dart        |    35 |     4 ||    39
  Use: Potion            |     2 |       ||     2
 Stab: Sleeping          |     5 |       ||     5
       Distracted        |     1 |       ||     1
       Paralysed         |     1 |       ||     1
